 Dungeon Crawl Stone Soup version 0.30.0-29-ga12c61a403 (webtiles) character file.

Game seed: 10985101833384731941

830 qw the Chopper (level 7, -5/44 HPs)
             Began as a Gargoyle Fighter on June 3, 2023.
             Slain by a gnoll
             ... wielding a +0 halberd
              (10 damage)
             ... on level 5 of the Dungeon.
             The game lasted 00:01:45 (3463 turns).

qw the Chopper (Gargoyle Fighter)                   Turns: 3463, Time: 00:01:45

Health: -5/44      AC: 16    Str: 22    XL:     7   Next: 97%
Magic:  7/7        EV:  3    Int:  8    God:
Gold:   240        SH:  0    Dex:  9    Spells: 6/6 levels left

rFire   . . .        Y - +0 war axe
rCold   . . .        c - +0 buckler
rNeg    + . .        e - +0 plate armour
rPois   inf          (no helmet)
rElec   +            (no cloak)
rCorr   .            (no gloves)
SInv    .            (no boots)
Will    .....        (no amulet) Stlth
                     (no ring)
HPRegen 0.27/turn    (no ring)
MPRegen 0.10/turn

%: no passive effects
@: held
A: sickness immunity, AC +4, negative energy resistance 1, electricity
resistance, torment resistance 1, petrification resistance
a: no special abilities


You were on level 5 of the Dungeon.
You visited 2 branches of the dungeon, and saw 6 of its levels.

You collected 240 gold pieces.


Innate Abilities, Weirdness & Mutations

You are immune to sickness and miasma.
Your stone body is resilient. (AC +4)
You are immune to poison.
You resist negative energy. (rN+)
You are resistant to electric shocks. (rElec)
You are resistant to unholy torment.
You are immune to petrification.


   Skills:
 - Level 5.4 Fighting
 - Level 7.0 Axes
 + Level 3.2 Armour
 - Level 1.0 Dodging
 - Level 3.2 Shields


You had 6 spell levels left.
You didn't know any spells.
Your spell library was empty.

Inventory:

Hand Weapons
 k - a +0 flail
 Y - a +0 war axe (weapon)
Armour
 c - a +0 buckler (worn)
 e - a +0 plate armour (worn)
Scrolls
 b - a scroll of identify
 g - a scroll of brand weapon {unknown}
Potions
 a - a potion of flight {unknown}
 d - 3 potions of might
 h - a potion of haste
 j - a potion of mutation

Dungeon Overview and Level Annotations

Branches:
Dungeon (5/15)             Temple (1/1) D:4

Altars:
Ashenzari
Cheibriados
Dithmenos
Elyvilon
Fedhas
Gozag
Hepliaklqana
Nemelex Xobeh
Qazlal
Ru
Sif Muna
Trog
Vehumet
Wu Jian
Xom
Zin
The Shining One


Message History

Enter note: You barely miss the gnoll.
The gnoll hits you but does no damage.
The gnoll hits you from afar with a +0 halberd!
The gnoll hits you with a +0 halberd. The gnoll barely misses you.
You barely miss the gnoll. You block the gnoll's attack.
The gnoll hits you from afar with a +0 halberd!
You hit the gnoll but do no damage. The gnoll barely misses you.
The gnoll hits you from afar with a +0 halberd.
You completely miss the gnoll. The gnoll barely misses you.
The gnoll hits you but does no damage.
You slash the gnoll!
You kill the gnoll!
The gnoll throws a throwing net.
The throwing net hits you.
You become entangled in the net!
Your Dodging skill increases to level 1!
The gnoll hits you from afar with a +0 halberd.
The gnoll barely misses you.
The gnoll hits you but does no damage. x2
The gnoll barely misses you. The gnoll hits you but does no damage.
The gnoll hits you from afar with a +0 halberd.
The gnoll hits you but does no damage. The gnoll barely misses you.
The gnoll hits you with a +0 club.
The gnoll hits you but does no damage. x2
The gnoll hits you from afar with a +0 halberd.
The gnoll hits you but does no damage.
The gnoll hits you from afar with a +0 halberd.
The gnoll hits you but does no damage.
The gnoll hits you but does no damage. x2
The gnoll barely misses you. The gnoll hits you with a +0 club.
3462 ||| READING scroll labelled MECAAVAOJI.
As you read the scroll labelled MECAAVAOJI, it crumbles to dust.
The creatures around you are filled with an inner flame!
It was a scroll of immolation.
The gnoll hits you from afar with a +0 halberd.
The gnoll hits you but does no damage.
The gnoll hits you from afar with a +0 halberd!
You die...

..#.. ###
####### #..
....... #.#
####### # #.#
....... .. #.
#.# #######
#..#.####.#
#.# #
#...gg!##.#
#.# # #@..)#
#.# # ###..#
#.# # ##.###.#
# #...#.# ##
gg......#.#.#
#.
#########...#
#. .........#
#<
..#...##)#####
#. #...
#.)...####.


You could see 2 gnolls.

Vanquished Creatures
  Sigmund (D:3)
  A water moccasin (D:5)
  An ogre (D:4)
  A scorpion (D:5)
  2 howler monkeys
  A hound (D:4)
  A sleepcap (D:4)
  Ijyb (D:5)
  3 iguanas
  6 gnolls
  7 adders
  An ufetubus (D:4)
  A dart slug (D:1)
  An orc (D:5)
  2 ball pythons
  2 bats (D:3)
  6 endoplasms
  5 goblins
  5 hobgoblins
  4 jackals (D:4)
  4 kobolds
  5 quokkas
  11 frilled lizards
  3 rats
75 creatures vanquished.

Notes
Turn   | Place    | Note
-------+----------+-------------------------------------------
     0 | D:1      | qw the Gargoyle Fighter began the quest for the Orb.
     0 | D:1      | Reached XP level 1. HP: 14/14 MP: 1/1
     0 | D:1      | 0 ||| qw: Version: 0.2-a-103-g5a998e5
     0 | D:1      | 0 ||| qw: Game counter: 1004
     0 | D:1      | 0 ||| qw: Always use a shield: true
     0 | D:1      | 0 ||| qw: God list: Okawaru
     0 | D:1      | 0 ||| qw: Allow faded altars: false
     0 | D:1      | 0 ||| qw: Do Orc after D:15 true
     0 | D:1      | 0 ||| qw: Do second Lair branch before Depths: true
     0 | D:1      | 0 ||| qw: Lair rune preference: random
     0 | D:1      | 0 ||| qw: Plans: Normal, Zot:1-4, Slime:5, God:TSO, Crypt,
                  | Tomb, Pan, Hells, Abyss, Win
     0 | D:1      | 0 ||| PLANNING D:1-11
    11 | D:1      | 11 ||| FLEEEEING.
    26 | D:1      | 26 ||| Stepping ~*~*~tactically~*~*~ (hiding).
    31 | D:1      | Reached skill level 2 in Axes
   130 | D:1      | Reached XP level 2. HP: 15/19 MP: 2/2
   133 | D:1      | 133 ||| FLEEEEING.
   134 | D:1      | 134 ||| FLEEEEING.
   135 | D:1      | 135 ||| FLEEEEING.
   136 | D:1      | 136 ||| FLEEEEING.
   137 | D:1      | 137 ||| FLEEEEING.
   138 | D:1      | 138 ||| FLEEEEING.
   646 | D:2      | 646 ||| Stepping ~*~*~tactically~*~*~ (stealth).
   649 | D:2      | 649 ||| Stepping ~*~*~tactically~*~*~ (stealth).
   661 | D:2      | Reached skill level 3 in Axes
   674 | D:2      | Reached XP level 3. HP: 23/23 MP: 3/3
   688 | D:2      | 688 ||| DROPPING +0 club.
   691 | D:2      | 691 ||| Stepping ~*~*~tactically~*~*~ (stealth).
  1187 | D:2      | 1187 ||| Stepping ~*~*~tactically~*~*~ (stealth).
  1188 | D:2      | 1188 ||| Stepping ~*~*~tactically~*~*~ (stealth).
  1294 | D:2      | 1294 ||| UPGRADING to +0 plate armour.
  1304 | D:2      | 1304 ||| DROPPING +0 scale mail.
  1305 | D:2      | 1305 ||| READING scroll labelled IHASUF IRCHOAZ.
  1306 | D:2      | 1306 ||| READING scroll labelled UMAQIER ZIEH.
  1307 | D:2      | 1307 ||| DRINKING 2 silvery potions.
  1308 | D:2      | 1308 ||| DRINKING 2 white potions.
  1309 | D:2      | 1309 ||| DRINKING 2 red potions.
  1403 | D:3      | Noticed Sigmund
  1404 | D:3      | 1404 ||| DRINKING potion of curing.
  1404 | D:3      | 1404 ||| (to cure confusion)
  1411 | D:3      | HP: 2/23 [Sigmund/magic dart (11)]
  1412 | D:3      | 1412 ||| DRINKING potion of heal wounds.
  1414 | D:3      | Killed Sigmund
  1415 | D:3      | Reached skill level 5 in Axes
  1415 | D:3      | Reached XP level 4. HP: 17/28 MP: 4/4
  1415 | D:3      | Reached XP level 5. HP: 19/32 MP: 5/5
  1743 | D:3      | Reached XP level 6. HP: 37/37 MP: 6/6
  1916 | D:3      | 1916 ||| Stepping ~*~*~tactically~*~*~ (stealth).
  1918 | D:3      | 1918 ||| Stepping ~*~*~tactically~*~*~ (stealth).
  2072 | D:3      | 2072 ||| READING scroll labelled OCHUMI KIMIPH.
  2286 | D:4      | Reached skill level 6 in Axes
  2378 | D:4      | Found a staircase to the Ecumenical Temple.
  2379 | D:4      | 2379 ||| PLANNING TEMPLE
  2379 | D:4      | 2379 ||| DROPPING scarf of harm.
  2380 | D:4      | 2380 ||| READING scroll labelled VOYCZI NUQ YROA.
  2381 | D:4      | 2381 ||| READING 2 scrolls of identify.
  2381 | D:4      | 2381 ||| IDENTIFYING ruby potion
  2391 | Temple   | Entered the Ecumenical Temple
  2550 | Temple   | 2550 ||| PLANNING D:1-11
  2839 | D:4      | 2839 ||| Stepping ~*~*~tactically~*~*~ (stealth).
  2841 | D:4      | 2841 ||| Stepping ~*~*~tactically~*~*~ (stealth).
  2913 | D:4      | Reached XP level 7. HP: 43/43 MP: 7/7
  2921 | D:4      | HP: 10/43 [ogre/+0 giant spiked club (2)]
  2922 | D:4      | 2922 ||| DRINKING potion of heal wounds.
  3107 | D:5      | Entered Level 5 of the Dungeon
  3119 | D:5      | Reached skill level 7 in Axes
  3303 | D:5      | Noticed Ijyb
  3305 | D:5      | 3305 ||| Stepping ~*~*~tactically~*~*~ (hiding).
  3307 | D:5      | 3307 ||| Stepping ~*~*~tactically~*~*~ (hiding).
  3321 | D:5      | Killed Ijyb
  3424 | D:5      | 3424 ||| Stepping ~*~*~tactically~*~*~ (stealth).
  3438 | D:5      | 3438 ||| DROPPING +0 whip.
  3440 | D:5      | 3440 ||| Stepping ~*~*~tactically~*~*~ (stealth).
  3441 | D:5      | 3441 ||| Stepping ~*~*~tactically~*~*~ (stealth).
  3443 | D:5      | 3443 ||| Stepping ~*~*~tactically~*~*~ (stealth).
  3452 | D:5      | Reached skill level 1 in Dodging
  3456 | D:5      | HP: 11/44 [gnoll/+0 club (4)]
  3461 | D:5      | HP: 5/44 [gnoll/+0 club (2)]
  3462 | D:5      | 3462 ||| READING scroll labelled MECAAVAOJI.
  3463 | D:5      | Slain by a gnoll

Levels and vault maps discovered:
D:1:      dpeg_arrival_simpleton_c, layout_rooms, minmay_pentomino_p2
D:2:      layout_basic, minmay_lizard_pond
D:3:      layout_loops_ring, uniq_sigmund
D:4:      layout_loops_cross, minmay_temple_entry_poolview
D:5:      layout_basic, mainiacjoe_overflow_alcove_1, uniq_ijyb
Temple:   nicolae_temple_bog_church

Skill      XL: |  1  2  3  4  5  6  7 |
---------------+----------------------+-----
Axes           | 2 3 5 6 7 |  7.0
Fighting       | 4 5 |  5.4
Dodging        | 1 |  1.0
Armour         | |  3.2
Shields        | |  3.2

Action                     |  1- 3 |  4- 6 |  7- 9 || total
---------------------------+-------+-------+-------++-------
  Melee: War axe           |   142 |   115 |    62 ||   319
    Use: Potion            |     5 |       |     1 ||     6
         Scroll            |     2 |     3 |     1 ||     6
 Armour: Scale mail        |    90 |       |       ||    90
         Plate armour      |     5 |    63 |    43 ||   111
  Dodge: Dodged            |    56 |    51 |    21 ||   128
  Block: Buckler           |    25 |    31 |     7 ||    63

Table legend:
 A = Non-vault XP
 B = Vault XP
 C = Vault XP percentage of total XP
 D = Non-vault monster count
 E = Vault monster count
 F = Vault count percentage of total count
                 A         B        C        D         E       F
            +---------+---------+-------+---------+---------+-------
      Total |     903 |     284 |  23.9 |      63 |      12 |  16.0
            +---------+---------+-------+---------+---------+-------
        D:1 |      26 |       0 |   0.0 |      13 |       0 |   0.0
        D:2 |      30 |      10 |  25.0 |      11 |      10 |  47.6
        D:3 |      94 |     239 |  71.8 |      13 |       1 |   7.1
        D:4 |     390 |       0 |   0.0 |      18 |       0 |   0.0
        D:5 |     363 |      35 |   8.8 |       8 |       1 |  11.1
            +---------+---------+-------+---------+---------+-------
